 Dungeon Crawl Stone Soup version 0.21.1-1-g345015f (webtiles) character file.

49 grindst0ne the Skirmisher (level 3, 0/29 HPs)
             Began as a Demonspawn Artificer on Mar 6, 2018.
             Slain by a goblin
             ... wielding a +0 club
             ... led by Robin
              (6 damage)
             ... on level 2 of the Dungeon.
             The game lasted 00:02:44 (1504 turns).

grindst0ne the Skirmisher (Demonspawn Artificer)    Turns: 1504, Time: 00:02:45

Health: 0/29       AC:  4    Str: 13    XL:     3   Next: 51%
Magic:  5/5        EV: 12    Int: 12    God:
Gold:   34         SH:  0    Dex: 16    Spells: 2/2 levels left

rFire    . . .     SeeInvis .   n - +0 dagger
rCold    . . .     Gourm    .   (no shield)
rNeg     . . .     Faith    .   b - +0 leather armour
rPois    .         Spirit   .   (no helmet)
rElec    .         Reflect  .   (no cloak)
rCorr    .         Harm     .   (no gloves)
MR       .....                  k - +0 pair of boots
Stlth    +++.......             (no amulet)
HPRegen  0.09/turn              g - +3 ring of dexterity
MPRegen  0.09/turn              (no ring)

@: no status effects
A: nightstalker 1
a: no special abilities


You were on level 2 of the Dungeon.
You were not hungry.

You visited 1 branch of the dungeon, and saw 2 of its levels.

You collected 34 gold pieces.

Inventory:

Hand Weapons
 n - a +0 dagger (weapon)
Armour
 b - a +0 leather armour (worn)
 k - a +0 pair of boots (worn)
Jewellery
 g - a +3 ring of dexterity (left hand)
Wands
 c - a wand of flame (15)
 d - a wand of enslavement (15)
 e - a wand of random effects (15)
Scrolls
 j - a scroll of remove curse {unknown}
 o - a scroll of fear {unknown}
Potions
 a - a potion of heal wounds {unknown}
 h - a potion of lignification {unknown}
 i - a potion of might {unknown}
 l - 2 potions of curing {unknown}
Comestibles
 f - a ration
 m - 4 chunks of flesh


   Skills:
 - Level 3.2 Fighting
 - Level 0.8 Short Blades
 - Level 1.7 Dodging
 + Level 1.5 Stealth
 - Level 3.0 Evocations


You had 2 spell levels left.
You didn't know any spells.

Dungeon Overview and Level Annotations

Branches:
Dungeon (2/15)

Altars:

Annotations:
D:2 Robin


Innate Abilities, Weirdness & Mutations

You are slightly more attuned to the shadows.


Message History

You completely miss the goblin.
The goblin is severely wounded.
The goblin hits you with a dagger.
* * * LOW HITPOINT WARNING * * *
The goblin hits you but does no damage.
You hit the goblin.
You kill the goblin!
The hobgoblin no longer looks unusually strong.
The goblin no longer looks unusually strong.
The goblin hits you but does no damage.
The goblin unwields an uncursed club.
The goblin wields a hunting sling.
The goblin shoots a stone.
The stone hits you but does no damage.
The goblin no longer looks unusually strong.
Things that are here:
a dagger; a hobgoblin corpse You barely miss the goblin.
The goblin unwields an uncursed hunting sling.
The goblin wields an uncursed club.
The goblin misses you. The goblin hits you with a club.
You die...

..#.#### #.
#.#.#..# #.
#.#.#..#
#.###.#.#..#####
#.#............#
###.......######.#
............. #.#
####.....###.# #g#
......>..... .##@#
###....).... ##g#
........#.###


.gg .......#### ###g# ###...... g# #...#### ## #...# ..### ## You could see a
hobgoblin and 5 goblins.

Vanquished Creatures
  An adder (D:2)
  A leopard gecko (D:1)
  7 bats
  3 giant cockroaches (D:1)
  5 goblins
  5 hobgoblins
  2 jackals (D:1)
  A quokka (D:2)
  3 frilled lizards
  6 kobolds
  3 rats (D:1)
37 creatures vanquished.

Notes
Turn   | Place    | Note
-------+----------+-------------------------------------------
     0 | D:1      | grindst0ne the Demonspawn Artificer began the quest for the Orb.
     0 | D:1      | Reached XP level 1. HP: 15/15 MP: 3/3
   403 | D:1      | Gained mutation: You are slightly more attuned to the shadows. [demonic ancestry]
   403 | D:1      | Reached XP level 2. HP: 22/22 MP: 4/4
  1111 | D:1      | Reached skill level 1 in Stealth
  1111 | D:1      | Reached XP level 3. HP: 15/29 MP: 5/5
  1484 | D:2      | Noticed Robin
  1504 | D:2      | Slain by a goblin

Skill      XL: |  1  2 |
---------------+-------+-----
Fighting       | 2 3 |  3.2
Stealth        | 1 |  1.5
Short Blades   | |  0.8
Dodging        | |  1.7
Evocations     | |  3.0

Action                   || total
-------------------------++-------
Melee: Short sword       ||    39
       Whip              ||    97
       Dagger            ||    58
 Stab: Sleeping          ||     7
  Eat: Chunk             ||     2
Armor: Leather armour    ||    69
Dodge: Dodged            ||   159
